 Dungeon Crawl Stone Soup version 0.31-a0-164-g2312942fda (webtiles) character file.

Game seed: 11803150744641220391

170 qw the Shooter (level 5, -1/32 HPs)
             Began as a Gargoyle Hunter on June 13, 2023.
             Slain by an ogre
             ... wielding a +0 giant spiked club
              (33 damage)
             ... on level 5 of the Dungeon.
             The game lasted 00:00:49 (1631 turns).

qw the Shooter (Gargoyle Hunter)                    Turns: 1631, Time: 00:00:50

Health: -1/32      AC: 12    Str: 15    XL:     5   Next: 51%
Magic:  4/4        EV: 11    Int:  9    God:
Gold:   133        SH:  0    Dex: 15    Spells: 4/4 levels left

rFire   . . .        f - +0 shortbow (heavy)
rCold   . . .        (shield currently unavailable)
rNeg    + . .        j - +0 ring mail
rPois   inf          (no helmet)
rElec   +            g - +2 cloak
rCorr   .            (no gloves)
SInv    .            (no boots)
Will    .....        (no amulet)
Stlth   +            (no ring)
HPRegen 0.25/turn    (no ring)
MPRegen 0.09/turn

%: no passive effects
@: no status effects
A: sickness immunity, AC +4, negative energy resistance 1, electricity
resistance, torment resistance 1, petrification resistance, low MP 1, sense
surroundings 1
a: no special abilities


You were on level 5 of the Dungeon.
You visited 1 branch of the dungeon, and saw 4 of its levels.
You also visited: Sewer.

You collected 133 gold pieces.


Innate Abilities, Weirdness & Mutations

You are immune to sickness and miasma.
Your stone body is resilient. (AC +4)
You are immune to poison.
You resist negative energy. (rN+)
You are resistant to electric shocks. (rElec)
You are resistant to unholy torment.
You are immune to petrification.
Your magical capacity is low. (-10% MP)
You passively map a small area around you.


   Skills:
 + Level 3.2 Fighting
 - Level 6.0 Ranged Weapons
 - Level 1.1 Armour
 - Level 1.5 Dodging
 - Level 1.1 Stealth


You had 4 spell levels left.
You didn't know any spells.
Your spell library was empty.

Inventory:

Hand Weapons
 f - a +0 heavy shortbow (weapon)
Armour
 g - a +2 cloak (worn)
 j - a +0 ring mail (worn)
Jewellery
 a - a ring of fire
Scrolls
 d - a scroll of identify
 l - a scroll of enchant armour
Potions
 b - a potion of curing
 e - a potion of mutation
 h - a potion of magic {unknown}
 i - a potion of haste {unknown}
 k - a potion of heal wounds {unknown}
 m - a potion of berserk rage {unknown}
 n - a potion of invisibility {unknown}

Dungeon Overview and Level Annotations

Branches:
Dungeon (3/15)              Sewer (visited)

Altars:
Zin
The Shining One

Shops:
D:2 [


Message History

Done exploring.
1586 ||| DRINKING 2 ruby potions.
It was a potion of mutation.
You feel extremely strange.
You feel less energetic.
You feel a strange attunement to the structure of the dungeons.
Done exploring.
You enter the shallow water.
Moving in this stuff is going to be slow.
You enter the shallow water.
Moving in this stuff is going to be slow.
There is a gate leading back out of this place here.
Done exploring.
Welcome back to the Dungeon!
There is a collapsed entrance here.
Enter note:
Enter note:
Enter note:
Enter note:
Enter note:
Enter note:
1600 ||| PLANNING D:1-11 You enter the shallow water.
Moving in this stuff is going to be slow.
There is an open door here.
You see here a giant cockroach corpse.
A sourceless malevolence fills the Dungeon...
You fall into a shaft and drop 2 floors!
The shaft crumbles and collapses.
Found a scroll of fog.
Waypoint 4 assigned to D:5.
Found a glowing golden altar of the Shining One.
An ogre comes into view. It is wielding a +0 giant spiked club.
The ogre shouts!
You shoot an arrow. The arrow hits the ogre!
The ogre is moderately wounded.
The ogre closely misses you.
You shoot an arrow. The arrow barely misses the ogre.
The ogre hits you with a +0 giant spiked club!!
Ouch! That really hurt!
You die...

,...###..## ..# *
...#* ##..###.#
....##...##..##.# *
...##..8..##..#.# *,
..##..8.8.,##...####,
, ..8._.8, ###....#.#
* #..8.8. ##........#
, ##..8..##.........#
* ##...+#.@#......##
* #...O........ , **
*#..#.#......### * ,
#.....######..# * *
#.. ### #.. *....* ##
##.. * ** #.. * * ,


You could see an ogre.

Vanquished Creatures
  An orc wizard (D:3)
  A hell rat (Sewer)
  4 adders
  3 gnolls (D:2)
  A worm (D:2)
  A dart slug (D:1)
  3 orcs (D:3)
  3 ball pythons
  A bat (D:1)
  5 endoplasms
  6 giant cockroaches
  2 goblins
  3 hobgoblins
  3 jackals (D:2)
  A kobold (D:1)
  2 quokkas (D:1)
  A frilled lizard (D:1)
  10 rats
51 creatures vanquished.

Notes
Turn   | Place    | Note
-------+----------+-------------------------------------------
     0 | D:1      | qw the Gargoyle Hunter began the quest for the Orb.
     0 | D:1      | Reached XP level 1. HP: 12/12 MP: 1/1
     0 | D:1      | 0 ||| qw: Version: 0.2-a-29-gc1b59c4
     0 | D:1      | 0 ||| qw: Game counter: 4533
     0 | D:1      | 0 ||| qw: Always use a shield: true
     0 | D:1      | 0 ||| qw: God list: Okawaru
     0 | D:1      | 0 ||| qw: Allow faded altars: false
     0 | D:1      | 0 ||| qw: Do Orc after D:15 true
     0 | D:1      | 0 ||| qw: Do second Lair branch before Depths: true
     0 | D:1      | 0 ||| qw: Lair rune preference: random
     0 | D:1      | 0 ||| qw: Plans: Normal, Zot:1-4, Slime:5, God:TSO, Crypt,
                  | Tomb, Abyss, Pan, Hells, Win
     0 | D:1      | 0 ||| PLANNING D:1-11
   119 | D:1      | Reached XP level 2. HP: 17/17 MP: 2/2
   583 | D:1      | 583 ||| DROPPING +6 ring of intelligence.
   584 | D:1      | 584 ||| READING scroll labelled HISOXU VATREUM.
   585 | D:1      | 585 ||| READING scroll labelled NEVUVVA BAFOA.
   586 | D:1      | 586 ||| READING scroll labelled QITISUXT ROAFF.
   587 | D:1      | 587 ||| READING scroll labelled ZIOZXA LEUSHOSU.
   588 | D:1      | 588 ||| READING scroll labelled ZIGAUCOARU.
   589 | D:1      | 589 ||| DROPPING scroll of butterflies.
   617 | D:2      | Found a faded altar of an unknown god.
   617 | D:2      | Found Ciklib's Antique Armour Shop.
   626 | D:2      | 626 ||| SHOPLISTING pair of shimmering gloves (218 gold,
                  | have 50).
   626 | D:2      | 626 ||| SHOPLISTING ring mail (92 gold, have 50).
   626 | D:2      | 626 ||| SHOPLISTING shimmering ring mail (207 gold, have
                  | 50).
   631 | D:2      | Reached XP level 3. HP: 21/21 MP: 3/3
   668 | D:2      | Reached skill level 5 in Ranged Weapons
   693 | D:2      | 693 ||| FLEEEEING.
   719 | D:2      | Reached skill level 3 in Fighting
   719 | D:2      | Reached XP level 4. HP: 10/28 MP: 4/4
   962 | D:2      | 962 ||| UPGRADING to +0 cloak.
   967 | D:2      | 967 ||| READING scroll labelled DISCHEPPESUM.
   968 | D:2      | 968 ||| READING scroll labelled BUOSUPNIOFI.
   991 | D:3      | 991 ||| PLANNING SEWER
  1095 | D:3      | 1095 ||| READING scroll of enchant armour.
  1095 | D:3      | 1095 ||| ENCHANTING +0 cloak.
  1127 | D:3      | Found a glowing silver altar of Zin.
  1142 | D:3      | Reached XP level 5. HP: 32/32 MP: 5/5
  1215 | D:3      | Identified the +1 war axe of Jemaemus {vamp, rPois Int+5}
  1350 | D:3      | 1350 ||| READING scroll of enchant armour.
  1350 | D:3      | 1350 ||| ENCHANTING +1 cloak.
  1353 | D:3      | Found a glowing drain.
  1390 | D:3      | 1390 ||| UPGRADING to +0 ring mail.
  1400 | D:3      | 1400 ||| DROPPING +0 leather armour.
  1401 | D:3      | 1401 ||| READING scroll labelled SABUUNESKADY.
  1402 | D:3      | 1402 ||| READING 2 scrolls of identify.
  1402 | D:3      | 1402 ||| IDENTIFYING green potion
  1403 | D:3      | 1403 ||| DROPPING potion of enlightenment.
  1417 | D:3      | Reached skill level 1 in Armour
  1441 | Sewer    | Entered a sewer
  1458 | Sewer    | 1458 ||| Stepping ~*~*~tactically~*~*~ (water).
  1468 | Sewer    | 1468 ||| Stepping ~*~*~tactically~*~*~ (water).
  1474 | Sewer    | Reached skill level 6 in Ranged Weapons
  1582 | Sewer    | 1582 ||| READING scroll labelled QUPUCACR VYEPH.
  1585 | Sewer    | 1585 ||| DRINKING 2 dark potions.
  1586 | Sewer    | 1586 ||| DRINKING 2 ruby potions.
  1586 | Sewer    | Gained mutation: Your magical capacity is low. (-10% MP)
                  | [potion of mutation]
  1586 | Sewer    | Gained mutation: You passively map a small area around you.
                  | [potion of mutation]
  1600 | D:3      | 1600 ||| PLANNING D:1-11
  1608 | D:3      | You fall into a shaft and drop 2 floors!
  1608 | D:5      | Entered Level 5 of the Dungeon
  1616 | D:5      | Found a glowing golden altar of the Shining One.
  1628 | D:5      | Noticed an ogre
  1631 | D:5      | Slain by an ogre

Levels and vault maps discovered:
D:1:      heliophobic_arrival_ceremonial_halls, layout_loops_cross
D:2:      layout_rooms, serial_shops, shop, basic_ecumenical_altar
D:3:      layout_loops_cross, nicolae_overflow_hidden_temple,
          gup_sewer_entry_glass
D:5:      layout_basic, mainiacjoe_overflow_alcove_2, tso_metal_star

Skill      XL: |  1  2  3  4  5 |
---------------+----------------+-----
Ranged Weapons | 5 6 |  6.0
Fighting       | 3 |  3.2
Armour         | 1 |  1.1
Dodging        | |  1.5
Stealth        | |  1.1

Action                     |  1- 3 |  4- 6 || total
---------------------------+-------+-------++-------
   Fire: Shortbow          |    75 |    78 ||   153
    Use: Scroll            |     5 |     7 ||    12
         Potion            |       |     2 ||     2
 Armour: Leather armour    |     9 |    15 ||    24
         Ring mail         |       |    18 ||    18
  Dodge: Dodged            |    15 |    57 ||    72

Table legend:
 A = Non-vault XP
 B = Vault XP
 C = Vault XP percentage of total XP
 D = Non-vault monster count
 E = Vault monster count
 F = Vault count percentage of total count
                 A         B        C        D         E       F
            +---------+---------+-------+---------+---------+-------
      Total |     177 |      67 |  27.5 |      42 |       9 |  17.6
            +---------+---------+-------+---------+---------+-------
        D:1 |      30 |       0 |   0.0 |      17 |       0 |   0.0
        D:2 |      81 |       0 |   0.0 |      16 |       0 |   0.0
        D:3 |      66 |      28 |  29.8 |       9 |       3 |  25.0
      Sewer |       0 |      39 | 100.0 |       0 |       6 | 100.0
            +---------+---------+-------+---------+---------+-------
